 Dungeon Crawl Stone Soup version 0.21-a0-178-g0b87683 (webtiles) character file.

2834 tilp the Arsonist (level 9, -5/72 HPs)
             Began as a Hill Orc Fire Elementalist on Aug 7, 2017.
             Was a Follower of Okawaru.
             Killed from afar by Pikel (24 damage)
             ... with a wand of lightning (?/15)
             ... on level 7 of the Dungeon on Aug 9, 2017.
             The game lasted 00:37:32 (8163 turns).

tilp the Arsonist (Hill Orc Fire Elementalist)      Turns: 8163, Time: 00:37:33

Health: -5/72      AC: 10    Str: 11    XL:     9   Next: 73%
Magic:  11/12      EV: 11    Int: 22    God:    Okawaru [*.....]
Gold:   402        SH:  3    Dex: 11    Spells: 2/12 levels left

rFire    + . .     SeeInvis .   a - +2 short sword (drain)
rCold    . . .     Gourm    .   p - +0 buckler
rNeg     . . .     Faith    .   E - +0 leather armour {rF+}
rPois    .         Spirit   .   A - +1 hat
rElec    .         Reflect  .   (no cloak)
rCorr    .         Harm     .   y - +2 pair of gloves
MR       .....                  D - +2 pair of boots
Stlth    +.........             I - amulet of magic regeneration
HPRegen  0.22/turn              j - +4 ring of intelligence
MPRegen  0.38/turn              (no ring)

@: no status effects
A: no striking features
a: Heroism, Renounce Religion


You were on level 7 of the Dungeon.
You worshipped Okawaru.
Okawaru was aware of your devotion.
You were hungry.

You visited 2 branches of the dungeon, and saw 8 of its levels.

You collected 402 gold pieces.

Inventory:

Hand Weapons
 a - a +2 short sword of draining (weapon)
 b - a +0 hunting sling
 n - a cursed -2 dagger
 z - a cursed -1 flail
 F - a +0 dagger of venom
 H - a cursed -2 whip
Missiles
 e - 282 stones (quivered)
 G - 7 tomahawks
Armour
 p - a +0 buckler (worn)
 y - a +2 pair of gloves (worn)
 A - a +1 hat (worn)
 D - a +2 pair of boots (worn)
 E - a +0 leather armour of fire resistance (worn)
 J - a cursed -2 robe
Jewellery
 h - an uncursed ring of flight {unknown}
 j - a +4 ring of intelligence (left hand)
 I - an amulet of magic regeneration (around neck)
 L - an uncursed ring of resist corrosion {unknown}
Wands
 m - a wand of digging (19/24)
 q - a wand of polymorph (7/24)
Scrolls
 f - 2 scrolls of teleportation
 l - 2 scrolls of amnesia {unknown}
 r - a scroll of magic mapping {unknown}
 s - a scroll of noise {unknown}
 t - 6 scrolls of remove curse
 u - 2 scrolls of enchant weapon {unknown}
 w - a scroll of immolation {unknown}
 C - a scroll of brand weapon {unknown}
 K - a scroll of blinking {unknown}
Potions
 g - a potion of curing
 o - 2 potions of agility {unknown}
 v - 2 potions of brilliance
 x - a potion of flight {unknown}
 B - a potion of haste {unknown}
 N - a potion of berserk rage {unknown}
Books
 i - a book of Flames

   Spells                             Type                      Level
   a - Flame Tongue                   Conjuration/Fire             1
   b - Throw Flame                    Conjuration/Fire             2
   c - Conjure Flame                  Conjuration/Fire             3
   d - Inner Flame                    Hexes/Fire                   3
   e - Sticky Flame                   Conjuration/Fire             4
   f - Fireball                       Conjuration/Fire             5
Comestibles
 c - 6 bread rations
 d - 2 royal jellies
 k - 2 fruits
 M - 3 chunks of flesh


   Skills:
 + Level 4.5 Fighting
 - Level 3.0 Dodging
 - Level 1.5 Stealth
 - Level 2.1 Spellcasting
 * Level 8.6 Conjurations
 + Level 9.6 Fire Magic


You had 2 spell levels left.
You knew the following spells:

 Your Spells              Type           Power        Failure   Level  Hunger
a - Flame Tongue          Conj/Fire      #####        1%          1    #......
b - Throw Flame           Conj/Fire      #####.       1%          2    ##.....
c - Conjure Flame         Conj/Fire      #####...     1%          3    ###....
d - Sticky Flame          Conj/Fire      #####...     7%          4    #####..


Dungeon Overview and Level Annotations

Branches:
Dungeon (7/15)             Temple (1/1) D:6

Altars:
Ashenzari
Cheibriados
Dithmenos
Elyvilon
Fedhas
Gozag
Hepliaklqana
Kikubaaqudgha
Makhleb
Nemelex Xobeh
Okawaru
Qazlal
Ru
Sif Muna
Trog
Uskayaw
Vehumet
Wu Jian
Xom
Yredelemnul
Zin
The Shining One

Annotations:
D:7 Pikel


Message History

Aim: Pikel, wielding a whip of electrocution, wearing a robe and carrying a wand of lightning (?/15) {zapped: 1} The sticky flame hits Pikel.
Pikel is moderately wounded.
Pikel is covered in liquid flames!
You are feeling hungry.
Pikel burns!
Pikel burns!
Pikel waves his whip at you.
Pikel zaps a wand.
The bolt of lightning hits you!
Pikel burns!
Pikel burns!
Pikel zaps a wand.
The bolt of lightning hits you!
* * * LOW HITPOINT WARNING * * *
You feel better.
Pikel burns!
Pikel burns!
Pikel burns!
Pikel says, "You'll feel the lick of my whip!"
You barely miss Pikel.
Pikel is almost dead.
Pikel burns!
Pikel zaps a wand.
The bolt of lightning hits you!
You die...

######....##....###..#
#....#..........#
#....#..........#
#....#..........#
#....#.##..##...#
######.##..##...#
#.......#.......#
#.......#.......#
#.....@##.......#
######....K.##..######
#.........p.#####
#.....#.p....#
#.....#......#
#.....'......#
#.....########
####'#....K.. %..
.......


You could see Pikel (burning) and 2 slaves.

Vanquished Creatures
  The ghost of Dustman the Cleaver, a novice DsGl (D:6)
  The ghost of p0werm0de the Charlatan, an amateur DsAr of Cheibriados (D:5)
  A hippogriff (D:7)
  A hungry ghost (D:6)
  An orc warrior (D:6)
  A slave (D:7)
  An ice beast (D:7)
  A sky beast (D:7)
  3 phantoms
  5 ogres
  2 centaurs
  A scorpion (D:7)
  A howler monkey (D:6)
  A hound (D:6)
  A jelly (D:7)
  2 orc priests
  7 orc wizards
  Jessica (D:2)
  An iguana (D:4)
  4 worker ants
  A hound skeleton (D:7)
  2 worker ant zombies
  6 adders
  A shadow imp (D:5)
  4 oozes
  3 worms
  An adder skeleton (D:5)
  6 dart slugs
  20 orcs
  4 giant cockroaches
  12 hobgoblins
  8 jackals
  3 quokkas
  2 ball pythons
  10 bats
  11 frilled lizards
  11 goblins
  9 kobolds
  A quokka skeleton (D:5)
  17 rats
169 creatures vanquished.

Notes
Turn   | Place    | Note
-------+----------+-------------------------------------------
     0 | D:1      | tilp the Hill Orc Fire Elementalist began the quest for the Orb.
     0 | D:1      | Reached XP level 1. HP: 14/14 MP: 3/3
   215 | D:1      | Reached XP level 2. HP: 20/20 MP: 1/4
   221 | D:1      | Learned a level 2 spell: Throw Flame
   388 | D:1      | Found a glowing golden altar of the Shining One.
   693 | D:1      | Reached XP level 3. HP: 23/26 MP: 5/5
  1102 | D:2      | Upgraded the game from 0.21-a0-171-g0f4a3b6 to 0.21-a0-176-gb3d4b37
  1122 | D:2      | Noticed Jessica
  1129 | D:2      | Killed Jessica
  1129 | D:2      | Reached XP level 4. HP: 33/33 MP: 4/6
  1198 | D:2      | Learned a level 3 spell: Conjure Flame
  1497 | D:2      | Reached skill level 4 in Fire Magic
  2057 | D:2      | Noticed a moth of wrath
  2062 | D:2      | Found a bloodstained altar of Trog.
  2073 | D:2      | Reached XP level 5. HP: 38/38 MP: 2/7
  3363 | D:4      | Noticed a phantom
  3423 | D:4      | Killed a phantom
  3423 | D:4      | Reached skill level 5 in Fire Magic
  3423 | D:4      | Reached XP level 6. HP: 34/45 MP: 0/8
  3587 | D:4      | Reached skill level 1 in Fighting
  3587 | D:4      | Reached skill level 5 in Conjurations
  3713 | D:4      | Reached XP level 7. HP: 34/52 MP: 7/9
  3759 | D:4      | Reached skill level 6 in Fire Magic
  4732 | D:5      | Entered Level 5 of the Dungeon
  5027 | D:5      | Noticed p0werm0de's ghost (amateur DsAr)
  5380 | D:5      | Reached XP level 8. HP: 46/63 MP: 8/10
  5392 | D:5      | Reached skill level 7 in Fire Magic
  5515 | D:5      | Upgraded the game from 0.21-a0-176-gb3d4b37 to 0.21-a0-178-g0b87683
  5580 | D:5      | Killed p0werm0de's ghost
  5634 | D:5      | Learned a level 4 spell: Sticky Flame
  6167 | D:6      | Noticed Dustman's ghost (novice DsGl)
  6175 | D:6      | Killed Dustman's ghost
  6175 | D:6      | Reached skill level 8 in Fire Magic
  6284 | D:6      | Found a staircase to the Ecumenical Temple.
  6349 | D:6      | Reached XP level 9. HP: 52/69 MP: 8/12
  6505 | Temple   | Entered the Ecumenical Temple
  6512 | Temple   | Became a worshipper of Warmaster Okawaru
  6886 | D:6      | Reached skill level 9 in Fire Magic
  7808 | D:7      | Reached * piety under Okawaru
  8087 | D:7      | Noticed Pikel
  8163 | D:7      | Killed from afar by Pikel

Vault maps used:
D:1:      minmay_arrival_pointy, tso_metal_star
D:2:      tgw_trog, uniq_jessica
D:4:      first_bread
D:5:      dk_noncrumbling_3
D:6:      temple_doors_e, serial_park_tiny_2, kennysheep_generic_room_6
D:7:      uniq_pikel
Temple:   nicolae_temple_the_god_donut

Skill      XL: |  1  2  3  4  5  6  7  8  9 |
---------------+----------------------------+-----
Conjurations   | 2 3 4 5 6 7 8 |  8.6
Fire Magic     | 4 5 6 8 9 |  9.6
Fighting       | 1 3 4 |  4.5
Spellcasting   | 2 |  2.1
Dodging        | 2 3 |  3.0
Stealth        | |  1.5

Action                   |  1- 3 |  4- 6 |  7- 9 || total
-------------------------+-------+-------+-------++-------
Melee: Club              |     2 |       |       ||     2
       Dagger            |    38 |       |       ||    38
       Short sword       |    15 |    89 |   212 ||   316
       Hunting sling     |       |       |     1 ||     1
 Fire: Hunting sling     |    28 |   141 |    47 ||   216
Throw: Stone             |    18 |     4 |     2 ||    24
 Cast: Flame Tongue      |    15 |    79 |    87 ||   181
       Conjure Flame     |       |     5 |    10 ||    15
       Sticky Flame      |       |       |     6 ||     6
       Throw Flame       |       |       |    13 ||    13
  Use: Scroll            |       |       |    10 ||    10
       Potion            |       |       |     2 ||     2
  Eat: Chunk             |     1 |    11 |    11 ||    23
       Meat ration       |       |       |     1 ||     1
       Fruit             |       |       |     2 ||     2
Armor: Robe              |    15 |    40 |    10 ||    65
       Leather armour    |       |       |    52 ||    52
Dodge: Dodged            |    45 |    70 |   112 ||   227
Block: Buckler           |       |    14 |    16 ||    30
